General information
- name: BNet
- type: Ladder team game (AT/RT)
- host: Battle.net
- saver: 2147757158158
map: Deathknell
- players: 8
- length: 40:07
- speed: Fast
- version: 1.27 W3XP
- replay type: Public
» download(236 KB)
Players
team 1 (winner)

»
IamAnoob (
blue | 30 APM | 1189 actions | 40:07)
6 Blademaster
2 Wind Walk
3 Critical Strike
1 Bladestorm
» actions
| Basic commands | 1 | |
| Build / train | 82 | |
| Enter build submenu | 19 | |
| Enter hero's abilities submenu | 6 | |
| Remove unit from queue | 4 | |
| Right click | 622 | |
| Select / deselect | 352 | |
| Use ability | 103 | |
1189 total
» units
| Peon | 31 | |
| Troll Batrider | 16 | |
| Goblin Sapper | 2 | |
| Raider | 1 | |
| Goblin Zeppelin | 1 | |
51 total
» upgrades
| Ranged Weapons | 3 | |
| Liquid Fire | 1 | |
| Armor | 2 | |
| Envenomed Spears | 0 | |
| Ensnare | 1 | |
| Backpack | 1 | |
| Melee Weapons | 1 | |
9 total
» buildings
| Altar of Storms | 1 | |
| Orc Burrow | 9 | |
| Voodoo Lounge | 2 | |
| Stronghold | 1 | |
| War Mill | 1 | |
| Fortress | 1 | |
| Beastiary | 3 | |
| Great Hall | 2 | |
20 total
» build order
00:10 Altar of Storms
00:15 Orc Burrow
01:11 Voodoo Lounge
01:17 Orc Burrow
01:47 Orc Burrow
02:54 Stronghold
03:22 War Mill
03:27 Orc Burrow
05:30 Fortress
05:45 Beastiary
05:48 Beastiary
05:51 Beastiary
09:08 Orc Burrow
12:14 Orc Burrow
20:27 Orc Burrow
21:22 Orc Burrow
22:04 Orc Burrow
22:12 Voodoo Lounge
24:48 Great Hall
32:17 Great Hall
» items
| Healing Salve | 3 | |
| Lesser Clarity Potion | 3 | |
| Tiny Great Hall | 2 | |
8 total
2147757158158 (
green | 96 APM | 3833 actions | 40:07)
9 Blademaster
3 Wind Walk
3 Critical Strike
1 Bladestorm
2 Mirror Image
» actions
| Assign group hotkey | 102 | |
| Basic commands | 243 | |
| Build / train | 170 | |
| Enter build submenu | 35 | |
| Enter hero's abilities submenu | 9 | |
| Give item / drop item | 17 | |
| Right click | 1779 | |
| Select / deselect | 380 | |
| Select group hotkey | 919 | |
| Use ability | 179 | |
3833 total
» units
| Peon | 11 | |
| Grunt | 8 | |
| Goblin Shredder | 10 | |
| Wind Rider | 6 | |
| Goblin Zeppelin | 17 | |
| Goblin Sapper | 18 | |
| Troll Batrider | 3 | |
73 total
» upgrades
| Armor | 3 | |
| Melee Weapons | 3 | |
| Pillage | 1 | |
| Berserker Strength | 1 | |
| Reinforced Defenses | 1 | |
| Envenomed Spears | 1 | |
| Ranged Weapons | 3 | |
| Liquid Fire | 1 | |
| Troll Regeneration | 1 | |
| Spiked Barricades | 3 | |
| Berserker Upgrade | 1 | |
| Burning Oil | 1 | |
| War Drums Damage Increase | 1 | |
| Ensnare | 1 | |
| Backpack | 1 | |
23 total
» buildings
| Orc Burrow | 8 | |
| Altar of Storms | 1 | |
| Barracks | 1 | |
| Voodoo Lounge | 1 | |
| War Mill | 1 | |
| Stronghold | 2 | |
| Great Hall | 1 | |
| Watch Tower | 13 | |
| Beastiary | 4 | |
| Fortress | 2 | |
34 total
» build order
00:15 Orc Burrow
01:15 Altar of Storms
01:18 Barracks
01:21 Orc Burrow
01:31 Voodoo Lounge
02:06 Orc Burrow
03:10 War Mill
05:08 Stronghold
05:08 Stronghold
05:59 Great Hall
06:55 Watch Tower
06:57 Watch Tower
08:23 Beastiary
08:31 Beastiary
09:10 Fortress
10:36 Beastiary
10:55 Beastiary
11:49 Watch Tower
11:51 Watch Tower
11:52 Watch Tower
11:53 Watch Tower
11:54 Watch Tower
11:56 Watch Tower
11:58 Watch Tower
11:59 Watch Tower
12:05 Watch Tower
12:06 Watch Tower
12:07 Watch Tower
12:19 Orc Burrow
13:27 Orc Burrow
14:47 Orc Burrow
19:08 Orc Burrow
19:11 Orc Burrow
» items
| Healing Salve | 7 | |
| Lesser Clarity Potion | 6 | |
| Scroll of Town Portal | 3 | |
| Tiny Great Hall | 1 | |
| Orb of Lightning | 1 | |
18 total
TEMPEST_ (
purple | 30 APM | 988 actions | 33:04)
9 Paladin
3 Holy Light
3 Devotion Aura
1 Resurrection
2 Divine Shield
» actions
| Basic commands | 27 | |
| Build / train | 80 | |
| Enter build submenu | 25 | |
| Enter hero's abilities submenu | 9 | |
| Remove unit from queue | 2 | |
| Right click | 448 | |
| Select / deselect | 310 | |
| Use ability | 87 | |
988 total
» units
| Peasant | 18 | |
| Footman | 7 | |
| Knight | 16 | |
| Priest | 16 | |
57 total
» upgrades
| Lumber Harvesting | 1 | |
| Plating | 3 | |
| Priest Training | 2 | |
| Animal War Training | 1 | |
| Swords | 1 | |
8 total
» buildings
| Altar of Kings | 1 | |
| Farm | 13 | |
| Barracks | 2 | |
| Keep | 1 | |
| Lumber Mill | 1 | |
| Blacksmith | 1 | |
| Town Hall | 1 | |
| Castle | 1 | |
| Arcane Sanctum | 1 | |
22 total
» build order
00:08 Altar of Kings
00:12 Farm
00:54 Barracks
01:25 Farm
02:28 Farm
03:09 Farm
04:21 Farm
04:22 Keep
04:38 Barracks
05:03 Lumber Mill
05:12 Blacksmith
06:24 Town Hall
06:40 Farm
06:44 Castle
06:50 Arcane Sanctum
08:08 Farm
10:41 Farm
11:22 Farm
14:03 Farm
15:48 Farm
18:21 Farm
25:01 Farm
» items
LEGENDARYABS (
red | 31 APM | 1243 actions | 40:07)
4 Death Knight
2 Death Coil
2 Unholy Aura
» actions
| Assign group hotkey | 19 | |
| Basic commands | 34 | |
| Build / train | 60 | |
| Enter build submenu | 20 | |
| Enter hero's abilities submenu | 4 | |
| Give item / drop item | 1 | |
| Remove unit from queue | 2 | |
| Right click | 560 | |
| Select / deselect | 259 | |
| Select group hotkey | 235 | |
| Use ability | 48 | |
1243 total
» units
| Acolyte | 10 | |
| Ghoul | 8 | |
| Crypt Fiend | 12 | |
| Gnoll Overseer | 1 | |
| Gargoyle | 5 | |
| Frost Wyrm | 1 | |
37 total
» upgrades
| Creature Attack | 3 | |
| Web | 1 | |
| Creature Carapace | 3 | |
| Stone Form | 1 | |
| Freezing Breath | 1 | |
9 total
» buildings
| Graveyard | 1 | |
| Crypt | 2 | |
| Ziggurat | 5 | |
| Altar of Darkness | 1 | |
| Halls of the Dead | 1 | |
| Tomb of Relics | 1 | |
| Necropolis | 1 | |
| Sacrificial Pit | 1 | |
| Black Citadel | 1 | |
| Spirit Tower | 2 | |
| Boneyard | 2 | |
18 total
» build order
00:17 Graveyard
00:29 Crypt
00:46 Ziggurat
01:06 Crypt
01:37 Ziggurat
02:28 Altar of Darkness
03:02 Ziggurat
05:35 Halls of the Dead
07:17 Ziggurat
07:20 Tomb of Relics
07:25 Necropolis
08:47 Sacrificial Pit
10:26 Black Citadel
11:35 Spirit Tower
11:38 Spirit Tower
11:42 Ziggurat
15:53 Boneyard
15:56 Boneyard
» items
| Potion of Healing | 1 | |
| Potion of Mana | 1 | |
| Rod of Necromancy | 1 | |
| Orb of Corruption | 1 | |
4 total
team 2 (loser)

»
butteryomelet (
yellow | 64 APM | 1535 actions | 24:04)
3 Tauren Chieftain
2 Endurance Aura
1 War Stomp
1 Shadow Hunter
1 Hex
» actions
| Assign group hotkey | 11 | |
| Basic commands | 52 | |
| Build / train | 75 | |
| ESC pressed | 6 | |
| Enter build submenu | 42 | |
| Enter hero's abilities submenu | 4 | |
| Give item / drop item | 1 | |
| Remove unit from queue | 1 | |
| Right click | 801 | |
| Select / deselect | 392 | |
| Select group hotkey | 61 | |
| Use ability | 89 | |
1535 total
» units
| Peon | 20 | |
| Troll Headhunter/Berserker | 20 | |
| Goblin Zeppelin | 1 | |
| Shaman | 4 | |
45 total
» upgrades
| Spiked Barricades | 0 | |
| Berserker Upgrade | 1 | |
| Reinforced Defenses | 1 | |
| Ranged Weapons | 2 | |
| Shaman Training | 2 | |
| Troll Regeneration | 1 | |
| War Drums Damage Increase | 1 | |
8 total
» buildings
| Altar of Storms | 1 | |
| Orc Burrow | 9 | |
| War Mill | 1 | |
| Barracks | 1 | |
| Voodoo Lounge | 1 | |
| Stronghold | 1 | |
| Great Hall | 1 | |
| Fortress | 1 | |
| Watch Tower | 17 | |
| Spirit Lodge | 1 | |
| Beastiary | 1 | |
35 total
» build order
00:12 Altar of Storms
00:15 Orc Burrow
00:59 War Mill
01:16 Barracks
01:48 Orc Burrow
02:33 Voodoo Lounge
02:54 Orc Burrow
05:10 Stronghold
06:11 Great Hall
06:35 Orc Burrow
07:35 Fortress
08:27 Watch Tower
08:29 Watch Tower
09:44 Spirit Lodge
09:48 Beastiary
11:07 Watch Tower
11:09 Watch Tower
12:12 Watch Tower
12:14 Watch Tower
12:15 Watch Tower
12:16 Watch Tower
12:18 Watch Tower
13:10 Orc Burrow
13:11 Watch Tower
13:13 Watch Tower
13:17 Watch Tower
15:24 Orc Burrow
15:27 Orc Burrow
17:23 Watch Tower
18:39 Orc Burrow
19:25 Watch Tower
19:26 Watch Tower
19:27 Watch Tower
19:27 Watch Tower
21:06 Orc Burrow
» items
| Lesser Clarity Potion | 2 | |
| Healing Salve | 3 | |
| Scroll of Town Portal | 3 | |
| Scroll of Speed | 2 | |
| Orb of Lightning | 1 | |
11 total
WhoCaresBro (
pink | 40 APM | 970 actions | 24:31)
5 Demon Hunter
2 Immolation
3 Mana Burn
» actions
| Assign group hotkey | 22 | |
| Basic commands | 103 | |
| Build / train | 65 | |
| ESC pressed | 3 | |
| Enter build submenu | 32 | |
| Enter hero's abilities submenu | 5 | |
| Give item / drop item | 1 | |
| Remove unit from queue | 1 | |
| Right click | 231 | |
| Select / deselect | 369 | |
| Select group hotkey | 57 | |
| Use ability | 80 | |
970 total
» units
| Wisp | 23 | |
| Archer | 3 | |
| Druid of the Talon | 7 | |
| Chimaera | 7 | |
| Hippogryph | 3 | |
| Dryad | 5 | |
48 total
» upgrades
| Corrosive Breath | 1 | |
| Strength of the Wild | 2 | |
| Reinforced Hides | 2 | |
| Abolish Magic | 1 | |
6 total
» buildings
| Altar of Elders | 2 | |
| Moon Well | 7 | |
| Ancient of War | 1 | |
| Hunter's Hall | 1 | |
| Tree of Ages | 1 | |
| Ancient of Wind | 1 | |
| Tree of Eternity | 1 | |
| Chimaera Roost | 3 | |
| Ancient of Wonders | 1 | |
| Ancient Protector | 4 | |
| Tree of Life | 5 | |
| Ancient of Lore | 3 | |
30 total
» build order
00:21 Altar of Elders
00:24 Altar of Elders
00:29 Moon Well
00:31 Ancient of War
01:57 Moon Well
02:14 Hunter's Hall
02:57 Moon Well
03:33 Tree of Ages
04:33 Moon Well
05:57 Ancient of Wind
06:00 Tree of Eternity
06:56 Moon Well
07:00 Moon Well
08:27 Chimaera Roost
08:29 Chimaera Roost
08:33 Chimaera Roost
08:53 Ancient of Wonders
09:11 Moon Well
12:06 Ancient Protector
12:09 Ancient Protector
12:13 Ancient Protector
12:18 Ancient Protector
15:25 Tree of Life
18:26 Ancient of Lore
18:29 Ancient of Lore
18:42 Ancient of Lore
20:08 Tree of Life
21:07 Tree of Life
21:09 Tree of Life
22:36 Tree of Life
» items
| Orb of Venom | 1 | |
| Dust of Appearance | 1 | |
2 total
TRUMP-OWN-HILRY (
teal | 64 APM | 2567 actions | 40:07)
7 Blademaster
3 Wind Walk
3 Critical Strike
1 Bladestorm
5 Shadow Hunter
3 Hex
2 Healing Wave
» actions
| Assign group hotkey | 36 | |
| Basic commands | 3 | |
| Build / train | 78 | |
| Enter build submenu | 29 | |
| Enter hero's abilities submenu | 13 | |
| Give item / drop item | 5 | |
| Right click | 1214 | |
| Select / deselect | 298 | |
| Select group hotkey | 732 | |
| Use ability | 159 | |
2567 total
» units
| Peon | 12 | |
| Grunt | 3 | |
| Goblin Shredder | 4 | |
| Wind Rider | 10 | |
| Goblin Sapper | 1 | |
| Dryad | 2 | |
| Chimaera | 3 | |
35 total
» upgrades
| Ranged Weapons | 3 | |
| Reinforced Defenses | 1 | |
| Armor | 3 | |
| Envenomed Spears | 1 | |
| Liquid Fire | 1 | |
9 total
» buildings
| Altar of Storms | 1 | |
| Orc Burrow | 7 | |
| Barracks | 1 | |
| Voodoo Lounge | 2 | |
| Stronghold | 1 | |
| War Mill | 1 | |
| Great Hall | 3 | |
| Beastiary | 3 | |
| Watch Tower | 40 | |
| Fortress | 1 | |
60 total
» build order
00:07 Altar of Storms
00:20 Orc Burrow
00:38 Barracks
01:24 Orc Burrow
01:56 Voodoo Lounge
03:36 Stronghold
04:07 War Mill
04:30 Great Hall
04:57 Orc Burrow
07:05 Beastiary
07:07 Beastiary
07:35 Watch Tower
07:35 Watch Tower
07:35 Watch Tower
07:36 Watch Tower
07:52 Watch Tower
08:25 Fortress
08:45 Watch Tower
08:45 Watch Tower
08:49 Watch Tower
09:30 Watch Tower
10:40 Beastiary
12:03 Watch Tower
13:55 Orc Burrow
13:55 Orc Burrow
17:10 Orc Burrow
17:31 Great Hall
17:48 Watch Tower
17:48 Watch Tower
17:48 Watch Tower
18:57 Watch Tower
18:57 Watch Tower
18:58 Watch Tower
19:18 Orc Burrow
20:06 Voodoo Lounge
20:08 Watch Tower
20:09 Watch Tower
22:22 Watch Tower
22:22 Watch Tower
22:22 Watch Tower
22:23 Watch Tower
22:24 Watch Tower
22:24 Watch Tower
22:25 Watch Tower
22:25 Watch Tower
32:08 Watch Tower
32:09 Watch Tower
32:09 Watch Tower
32:09 Watch Tower
32:57 Great Hall
32:59 Watch Tower
32:59 Watch Tower
33:00 Watch Tower
33:01 Watch Tower
33:03 Watch Tower
33:03 Watch Tower
34:19 Watch Tower
34:19 Watch Tower
34:20 Watch Tower
34:20 Watch Tower
» items
| Healing Salve | 6 | |
| Scroll of Town Portal | 6 | |
| Potion of Mana | 1 | |
| Lesser Clarity Potion | 1 | |
| Orb of Lightning | 1 | |
15 total

»
AlaskanBushPPL (
orange | 93 APM | 2070 actions | 22:16)
3 Shadow Hunter
1 Hex
2 Healing Wave
2 Far Seer
1 Feral Spirit
1 Chain Lighting
» actions
| Assign group hotkey | 26 | |
| Basic commands | 13 | |
| Build / train | 66 | |
| ESC pressed | 3 | |
| Enter build submenu | 25 | |
| Enter hero's abilities submenu | 6 | |
| Right click | 1011 | |
| Select / deselect | 332 | |
| Select group hotkey | 489 | |
| Use ability | 99 | |
2070 total
» units
| Peon | 17 | |
| Grunt | 8 | |
| Shaman | 10 | |
| Troll Witch Doctor | 4 | |
39 total
» upgrades
| Berserker Strength | 1 | |
| Shaman Training | 2 | |
| Witch Doctor Training | 2 | |
| Armor | 1 | |
| Spiked Barricades | 1 | |
| Reinforced Defenses | 1 | |
8 total
» buildings
| Altar of Storms | 1 | |
| Orc Burrow | 10 | |
| Barracks | 1 | |
| Voodoo Lounge | 2 | |
| Stronghold | 2 | |
| War Mill | 1 | |
| Spirit Lodge | 2 | |
| Watch Tower | 16 | |
| Great Hall | 2 | |
| Fortress | 2 | |
| Tauren Totem | 2 | |
41 total
» build order
00:08 Altar of Storms
00:16 Orc Burrow
00:36 Barracks
01:30 Orc Burrow
01:58 Voodoo Lounge
03:19 Stronghold
03:44 Orc Burrow
04:22 War Mill
05:56 Spirit Lodge
06:32 Watch Tower
06:53 Watch Tower
06:56 Watch Tower
07:22 Spirit Lodge
07:43 Great Hall
07:57 Orc Burrow
08:16 Watch Tower
08:19 Watch Tower
09:30 Voodoo Lounge
09:36 Watch Tower
09:37 Watch Tower
10:06 Fortress
11:02 Orc Burrow
11:03 Orc Burrow
11:03 Orc Burrow
11:19 Watch Tower
11:20 Watch Tower
11:21 Watch Tower
11:22 Watch Tower
11:23 Watch Tower
11:24 Watch Tower
11:25 Watch Tower
11:26 Watch Tower
11:26 Watch Tower
12:17 Great Hall
12:20 Stronghold
14:00 Orc Burrow
14:53 Fortress
15:53 Orc Burrow
15:54 Orc Burrow
20:32 Tauren Totem
20:34 Tauren Totem
» items
| Healing Salve | 3 | |
| Lesser Clarity Potion | 4 | |
| Scroll of Town Portal | 1 | |
8 total
Chat log
(09:56 / Allies) 2147757158158: give me +6 agi boots red? for bm
(10:00 / Allies) LEGENDARYABS: ya
(10:09 / Allies) 2147757158158: wow
(10:09 / Allies) 2147757158158: ty
(10:59 / Allies) TEMPEST_: prepare to tp
(12:52 / Allies) TEMPEST_: im tp
(12:54 / Allies) TEMPEST_: h/o
(16:52 / Allies) TEMPEST_: you guys fucking suck
(17:00 / Allies) 2147757158158: I've killed an expo
(17:01 / Allies) 2147757158158: several heroes
(17:03 / Allies) 2147757158158: with one hero
(17:06 / Allies) 2147757158158: what've you done allgame
(17:10 / Allies) TEMPEST_: GET UNITS
(17:15 / Allies) TEMPEST_: one hero isnt shit
(17:16 / Allies) 2147757158158: done more than you all game without em
(19:21 / Allies) 2147757158158: make that 2 expos dead purp
(19:22 / Allies) 2147757158158: whatve you done
(19:25 / Allies) TEMPEST_: hole on
(19:31 / Allies) TEMPEST_: GOTTA GO SAVE BLUE
(19:35 / Allies) TEMPEST_: CAUSE HE HAS NO UNITS
(19:38 / Allies) TEMPEST_: : _ )
(19:46 / Allies) 2147757158158: omw
(21:23 / All) 2147757158158: rape lol
(22:24 / All) 2147757158158: raped lol
(24:06 / All) 2147757158158: raped lol
(24:13 / All) WhoCaresBro: teal has 9k
(24:15 / All) 2147757158158: neither of my bladestorms this game even went as good as I planned
(24:17 / All) 2147757158158: I have 15k
(24:21 / All) 2147757158158: and have been using solo hero all game
(27:35 / Allies) LEGENDARYABS: 50 gold for DK
(27:45 / Allies) 2147757158158: you have 1/0
(27:49 / Allies) 2147757158158: you can't make it unelss you have an acolyte
(27:52 / Allies) 2147757158158: and then you need a ziggurat too
(28:28 / Allies) 2147757158158: I don't like the cut of your jib purple
(31:57 / Allies) TEMPEST_: oh i get it
(32:03 / Allies) 2147757158158: have you not noticed me kill our whole team
(32:06 / Allies) 2147757158158: red's base I sappered
(32:09 / Allies) 2147757158158: yours I crushed with my army
(32:12 / Allies) 2147757158158: blue's I sappered and killed
(32:18 / Allies) TEMPEST_: wow
(32:22 / Allies) TEMPEST_: aren't you cool
(32:26 / Allies) 2147757158158: thanks
(32:28 / Allies) 2147757158158: my mom says so too
(32:38 / Allies) TEMPEST_: you have so much time to waste. Your life must be important
(32:38 / All) TRUMP-OWN-HILRY: go link ur nub twitch account legendaryabs
(32:44 / Allies) 2147757158158: I'm not wasting time
(32:44 / Allies) TEMPEST_: i hope you kill yourself
(32:46 / Allies) 2147757158158: I'm having fun
(32:50 / Allies) 2147757158158: I have an exciting, interesting life
(32:54 / Allies) 2147757158158: can guarantee it's probably better than yours
(32:57 / Allies) TEMPEST_: and i hope your mom gets raped and shot in the head in front of you
(33:01 / Allies) 2147757158158: lol!
(33:04 / Allies) 2147757158158: you take RTS really seriously
(33:55 / All) 2147757158158: My team is stupid they haven't commented whatsoever on being killed
(34:03 / All) 2147757158158: don't think they realise what's happening
(34:10 / All) 2147757158158: they're lobotomised monkeys taught to play war3
(34:51 / All) 2147757158158: kill purp's base remains
(35:22 / All) TRUMP-OWN-HILRY: i should hav stayed with pink to finish off red guess i wanted him to live cuz i thought we were stronger
(35:41 / All) TRUMP-OWN-HILRY: he didnt really do anything just kept dieing tho
(36:56 / All) 2147757158158: wow blue has an expo I didn't notice
(36:58 / All) 2147757158158: your side
(37:00 / All) 2147757158158: right of orange's base
(38:03 / Allies) 2147757158158: you ain't gonna stop your defeat
(38:11 / Allies) 2147757158158: you're 102-96 now just accept it
(38:15 / Allies) 2147757158158: your rec isn't that much above 50% anyway lol!
(38:35 / Allies) 2147757158158: lol what's that sapper doing
(38:40 / Allies) 2147757158158: did I give you some ideas?
(40:00 / All) 2147757158158: GAME OVER MAN, GAME OVER!